 Dungeon Crawl Stone Soup version 0.18-a0-1718-g40ea4b6 (webtiles) character file.

1939 namelastname112 the Grappler (level 9, -4/56 HPs)
             Began as a Gargoyle Monk on Apr 8, 2016.
             Slain by an ogre
             ... wielding a +0 giant club
              (15 damage)
             ... on level 6 of the Dungeon.
             The game lasted 00:10:56 (6491 turns).

namelastname112 the Grappler (Gargoyle Monk)        Turns: 6491, Time: 00:10:57

Health: -4/56      AC:  8    Str: 25    XL:     9   Next: 18%
Magic:  9/9        EV: 14    Int: 11    God:
Gold:   259        SH:  0    Dex: 12    Spells: 0 memorised, 8 levels left

rFire  . . .     SeeInvis .       - Unarmed
rCold  . . .     Gourm    .     v - -2 robe (curse)
rNeg   + . .     Faith    .     (no shield)
rPois  ∞         Spirit   .     (no helmet)
rElec  +         Dismiss  .     n - +1 cloak
rCorr  .         Reflect  .     (no gloves)
SustAt .         Harm     .     (no boots)
MR     .....                    y - amulet of regeneration
Stlth  +++.......               r - +2 ring of strength
                                c - ring of stealth

@: mighty, not resistant to hostile enchantments, fairly stealthy
A: negative energy resistance 1, electricity resistance, unbreathing,
petrification resistance, rot immunity, AC +5
a: no special abilities


You were on level 6 of the Dungeon.
You were not hungry.

You visited 1 branch of the dungeon, and saw 7 of its levels.
You also visited: Sewer.

You collected 259 gold pieces.

Inventory:

Armour
 h - a +0 ring mail
 n - a +1 cloak (worn)
 v - a cursed -2 robe (worn)
Jewellery
 c - a ring of stealth (left hand)
 k - an uncursed ring of wizardry
 r - a +2 ring of strength (right hand)
 y - an amulet of regeneration (around neck)
Wands
 i - a wand of digging (9/24)
 j - a wand of lightning (5/15)
Scrolls
 e - 2 scrolls of enchant weapon
 f - a scroll of blinking
 q - 2 scrolls of fog
 x - a scroll of vulnerability {unknown}
Potions
 a - 3 potions of curing
 d - a potion of flight
 g - a potion of resistance {unknown}
 l - a potion of heal wounds
 m - a potion of agility
 u - a potion of brilliance {unknown}
 w - a potion of invisibility {unknown}
Books
 s - a book of Burglary

   Spells                             Type                      Level
   a - Swiftness                      Charms/Air                   2
   b - Passwall                       Transmutation/Earth          2
   c - Passage of Golubria            Translocation                4
   d - Lee's Rapid Deconstruction     Earth                        5
   e - Darkness                       Hexes                        6
   f - Invisibility                   Hexes                        6
Comestibles
 b - 4 bread rations
 o - 4 fruits
 p - 3 beef jerkies


   Skills:
 + Level 6.4 Fighting
 + Level 5.5 Armour
 + Level 5.0 Dodging
 - Level 2.1 Stealth
 * Level 8.6 Unarmed Combat


You had 8 spell levels left.
You didn't know any spells.

Dungeon Overview and Level Annotations

Branches:
Dungeon (7/15)             Temple (0/1) D:7

Altars:
Cheibriados
Kikubaaqudgha
Okawaru
Pakellas
Qazlal
Sif Muna
Vehumet

Annotations:
D:7 Joseph


Innate Abilities, Weirdness & Mutations

You are resistant to torment.
Your stone body is resilient (AC +5).
You are immune to poison.
You resist negative energy.
You are resistant to electric shocks.
You can survive without breathing.
You are immune to petrification.
You are immune to rotting.


Message History

The killer bee is lightly wounded.
The killer bee stings you.
* * * LOW HITPOINT WARNING * * *
The killer bee stings you but does no damage.
You punch the killer bee!
The killer bee is almost dead.
The killer bee stings you.
* * * LOW HITPOINT WARNING * * *
The killer bee closely misses you.
You closely miss the killer bee.
The killer bee is severely wounded.
The killer bee misses you.
The killer bee stings you but does no damage.
You pummel the killer bee!!
You kill the killer bee!
Your Dodging skill increases to level 5!
You pummel the ogre!!
The ogre is almost dead.
The ogre hits you with a giant club!
You die...

##...## #......# #.#
#.....###.#.##.### #.#
#.#.#...)........# #.#
#.#.#..##.#..#.#.# #.#
#.#............#.###.#
...##..##.#..........############
#..##....(....##.###............#
#.............##†# #.#####.#....#
..)####.#......O@# #.#####....(..
#..# #.###.###### #.##..........
#..# ##.###.## #.##.##§###..#
#....##......# #.##§##§####.#
####.#####...# #...§§§§§....#
#.... #O..# #.##§#§####### #..#
#...#### #.##.#§#
#..#######...##.####.##...## .
...##O............##.#.....##..


You could see an ogre.

Vanquished Creatures
  A black bear (D:6)
  3 ogres
  A sky beast (D:7)
  A centaur (D:4)
  3 big kobolds
  A giant frog (D:6)
  A scorpion (D:4)
  4 killer bees (D:6)
  A crimson imp (D:6)
  2 hounds (D:5)
  5 orc wizards (D:5)
  A giant frog skeleton (D:6)
  An iguana (D:6)
  6 worker ants
  A hound skeleton (D:6)
  A mummy (D:5)
  A howler monkey skeleton (D:4)
  10 gnolls
  12 adders
  7 river rats (Sewer)
  4 shadow imps
  2 oozes
  An adder zombie (D:5)
  2 worms
  2 dart slugs (D:1)
  9 giant geckos
  15 orcs
  9 ball pythons
  9 giant cockroaches
  6 goblins
  10 hobgoblins
  2 jackals (D:5)
  3 quokkas
  A bat (D:1)
  A giant cockroach zombie (D:6)
  A giant gecko skeleton (D:4)
  8 giant newts
  2 jackal skeletons
  22 kobolds
  30 rats
  A withered plant (D:3)
203 creatures vanquished.

Notes
Turn   | Place    | Note
--------------------------------------------------------------
     0 | D:1      | namelastname112 the Gargoyle Monk began the quest for the Orb.
     0 | D:1      | Reached XP level 1. HP: 14/14 MP: 1/1
   116 | D:1      | Reached XP level 2. HP: 18/19 MP: 2/2
   570 | D:1      | Reached XP level 3. HP: 23/23 MP: 3/3
  1013 | D:2      | Found a radiant altar of Vehumet.
  1016 | D:2      | Reached skill level 1 in Armour
  1422 | D:2      | Reached XP level 4. HP: 25/29 MP: 4/4
  2094 | D:3      | Reached skill level 5 in Unarmed Combat
  2183 | D:3      | Found an ancient bone altar of Kikubaaqudgha.
  2392 | D:4      | Reached XP level 5. HP: 30/33 MP: 5/5
  2523 | D:4      | Noticed an ogre
  2603 | D:4      | Killed an ogre
  2603 | D:4      | Reached XP level 6. HP: 16/38 MP: 6/6
  3225 | D:4      | Reached skill level 6 in Unarmed Combat
  3352 | D:4      | Found a deep blue altar of Sif Muna.
  3854 | D:5      | Entered Level 5 of the Dungeon
  3900 | D:5      | Reached XP level 7. HP: 23/44 MP: 7/7
  3935 | D:4      | HP: 2/44 [centaur (2)]
  4460 | D:5      | Found a glowing drain.
  4496 | Sewer    | Entered a sewer
  4739 | Sewer    | Reached skill level 5 in Fighting
  4966 | Sewer    | Reached XP level 8. HP: 37/49 MP: 8/8
  5128 | Sewer    | Reached skill level 7 in Unarmed Combat
  5328 | D:5      | Found a stormy altar of Qazlal.
  5408 | D:5      | Found a snail-covered altar of Cheibriados.
  6031 | D:6      | Found an oddly glowing altar of Pakellas.
  6229 | D:7      | Found an iron altar of Okawaru.
  6233 | D:7      | Reached skill level 8 in Unarmed Combat
  6244 | D:7      | Got a brightly glowing falchion
  6269 | D:7      | Reached skill level 5 in Armour
  6275 | D:7      | Identified the +7 falchion of Expedience {speed, rF- rC+ Str+2 Int+4} (You found it on level 7 of the Dungeon)
  6304 | D:7      | Reached XP level 9. HP: 33/55 MP: 9/9
  6430 | D:7      | Found a staircase to the Ecumenical Temple.
  6439 | D:7      | Noticed Joseph
  6441 | D:7      | HP: 2/55 [centaur/arrow (8)]
  6490 | D:6      | Reached skill level 5 in Dodging
  6491 | D:6      | Slain by an ogre

Vault maps used:
D:1:      scummos_arrival_simple_fountains
D:2:      vehumet_crystals
D:3:      kiku_gazebo_garden_becter, serial_bayou_pond_c, grunt_ministairs_7
D:4:      led_sif_pool
D:5:      slow_altar_1, gup_sewer_entry_pipe, first_bread,
          grunt_qazlal_sundering
D:6:      johnstein_pakellas_death_squad
D:7:      okawaru_ov_weapons_minmay, minmay_temple_entry_from_below_a,
          serial_shops, nicolae_shop_trees, uniq_joseph
Sewer:    sewer_minmay_treatment

Skill      XL: |  1  2  3  4  5  6  7  8  9 |
---------------+----------------------------+-----
Armour         | 1 2 3 4 5 |  5.5
Unarmed Combat | 5 6 8 |  8.6
Dodging        | 3 4 5 |  5.0
Fighting       | 4 5 6 |  6.4
Stealth        | |  2.1

Action                   |  1- 3 |  4- 6 |  7- 9 || total
-------------------------+-------+-------+-------++-------
Melee: Unarmed           |    95 |   294 |   560 ||   949
  Use: Potion            |       |       |    15 ||    15
       Scroll            |       |       |    12 ||    12
 Stab: Sleeping          |       |     1 |     1 ||     2
  Eat: Chunk             |       |     8 |     6 ||    14
       Meat ration       |       |       |     1 ||     1
